 Dungeon Crawl Stone Soup version 0.25-a0-589-g1e14c549ee (webtiles) character file.

Game seed: 13792817978555378020, levelgen mode: deterministic

2526 Esekla the Slicer (level 9, 0/40 HPs)
             Began as a Spriggan Artificer on Mar 11, 2020.
             Splashed by an acid dragon's acid (18 damage)
             ... on level 7 of the Dungeon on Mar 12, 2020.
             The game lasted 00:59:31 (8564 turns).

Esekla the Slicer (Spriggan Artificer)              Turns: 8564, Time: 00:59:32

Health: 0/40       AC: -1    Str:  8    XL:     9   Next: 29%
Magic:  13/13      EV: 23    Int: 13    God:
Gold:   178        SH:  0    Dex: 17    Spells: 8/8 levels left

rFire    . . .     SeeInvis +   a - +0 short sword
rCold    . . .     Gourm    .   (shield restricted)
rNeg     . . .     Faith    .   b - +0 robe
rPois    +         Spirit   .   (helmet restricted)
rElec    .         Reflect  .   K - +0 cloak {rPois}
rCorr    .         Harm     .   (gloves unavailable)
MR       +....                  (boots unavailable)
Stlth    +++.......             (no amulet)
HPRegen  0.13/turn              q - -2 ring of intelligence (curse)
MPRegen  0.13/turn              w - +4 ring of slaying

@: corroded, very quick
A: very small, unfitting armour, see invisible, herbivore, speed 3, slow
metabolism 2
a: no special abilities


You were on level 7 of the Dungeon.
You were not hungry.

You visited 1 branch of the dungeon, and saw 7 of its levels.
You also visited: Sewer.

You collected 280 gold pieces.
You spent 102 gold pieces at shops.

Inventory:

Hand Weapons
 a - a +0 short sword (weapon)
 v - a +0 trident
Missiles
 h - 4 boomerangs
 y - 7 poisoned darts (quivered)
Armour
 b - a +0 robe (worn)
 K - a +0 cloak of poison resistance (worn)
 L - a +0 leather armour
Jewellery
 q - a cursed -2 ring of intelligence (left hand)
 w - a +4 ring of slaying (right hand)
 F - an uncursed ring of fire {unknown}
 G - an uncursed ring of resist corrosion
Wands
 c - a wand of flame (15)
 d - a wand of enslavement (15)
 e - a wand of random effects (14)
 x - a wand of polymorph (3)
Scrolls
 i - a scroll of fear {unknown}
 k - a scroll of teleportation
 o - 2 scrolls of immolation {unknown}
 s - 2 scrolls of remove curse {unknown}
 t - 2 scrolls of amnesia
 z - a scroll of blinking {unknown}
 C - a scroll of enchant weapon {unknown}
 I - a scroll of fog {unknown}
Potions
 g - a potion of cancellation
 j - a potion of might
 l - 2 potions of degeneration {unknown}
 m - 6 potions of curing
 n - 3 potions of flight
 p - a potion of mutation
 r - a potion of ambrosia
 u - a potion of brilliance {unknown}
 A - 2 potions of berserk rage
 B - 5 potions of heal wounds
 D - 2 potions of stabbing {unknown}
 E - 2 potions of resistance {unknown}
 J - a potion of lignification {unknown}
Comestibles
 f - 4 rations


   Skills:
 - Level 0.7 Fighting
 * Level 10.8 Short Blades
 + Level 4.5 Throwing
 + Level 7.2 Dodging
 - Level 6.0 Stealth
 - Level 4.0 Evocations


You had 8 spell levels left.
You didn't know any spells.
Your spell library was empty.

Dungeon Overview and Level Annotations

Branches:
Dungeon (7/15)              Sewer (visited)
 Temple: D:4-7

Altars:
Qazlal

Shops:
D:4 *


Innate Abilities, Weirdness & Mutations

You are very small and have problems with some larger weapons.
You are too small for most types of armour.
You have supernaturally acute eyesight. (SInv)
You are a herbivore.
You cover ground extremely quickly.
You need to consume almost no food.


Message History

You hit the killer bee but do no damage.
The killer bee is almost dead.
The killer bee completely misses you.
You hit the killer bee.
The killer bee is almost dead.
The killer bee completely misses you.
You hit the killer bee.
You kill the killer bee!
You see here a killer bee corpse.
y - 3 poisoned darts (gained 1)
You see here a killer bee corpse.
y - 4 poisoned darts (gained 1)
y - 6 poisoned darts (gained 2)
The acid dragon roars!
You see here a poisoned dart.
y - 7 poisoned darts (gained 1)
The acid dragon spits acid at you. The splash of acid hits you!
The acid corrodes you!
You are splashed with acid!!
You die...

#.#<(..#
#################.##.###
.................<##....
.......................>
####...#########..####.
#...# ##.# #.
#...##########.####.
#.........†.........
#..@##########..###.
#..........†........
.........########.###.
#.D........# #.###.
#.=........########..##.
######.....##........##.
#(....##.........#.
#.....##.........#.
#########...


You could see an acid dragon.

Vanquished Creatures
  Sigmund (D:3)
  Edmund (D:6)
  2 water moccasins (D:4)
  3 ogres
  An ice beast (D:6)
  2 big kobolds
  3 bullfrogs
  3 scorpions
  6 killer bees (D:7)
  A howler monkey (D:4)
  A crimson imp (D:5)
  A bullfrog skeleton (D:4)
  3 hounds
  3 orc priests
  Ijyb (D:3)
  3 iguanas
  3 orc wizards
  4 worker ants
  A hound skeleton (D:4)
  A worker ant zombie (D:6)
  Robin (D:3)
  9 gnolls
  14 adders
  A river rat (Sewer)
  3 shadow imps
  An ooze (D:6)
  3 worms
  A dart slug (D:1)
  7 leopard geckos
  8 orcs
  6 giant cockroaches
  13 goblins
  8 hobgoblins
  5 jackals
  7 kobolds
  A quokka (D:4)
  2 ball pythons
  6 bats
  4 frilled lizards
  A leopard gecko zombie (D:5)
  A quokka skeleton (D:4)
  18 rats
164 creatures vanquished.

Vanquished Creatures (others)
  A hobgoblin (D:3)
1 creature vanquished.

Grand Total: 165 creatures vanquished

Notes
Turn   | Place    | Note
-------+----------+-------------------------------------------
     0 | D:1      | Esekla the Spriggan Artificer began the quest for the Orb.
     0 | D:1      | Reached XP level 1. HP: 9/9 MP: 4/4
   477 | D:1      | Reached skill level 2 in Short Blades
   477 | D:1      | Reached XP level 2. HP: 14/14 MP: 6/6
   953 | D:2      | Reached XP level 3. HP: 15/17 MP: 7/7
  1072 | D:2      | Reached skill level 3 in Short Blades
  1680 | D:3      | Reached XP level 4. HP: 21/21 MP: 8/8
  1814 | D:3      | Noticed Robin
  1844 | D:3      | Reached skill level 4 in Short Blades
  1863 | D:3      | Killed Robin
  1874 | D:3      | Noticed Sigmund
  1877 | D:3      | Killed Sigmund
  1877 | D:3      | Reached skill level 5 in Short Blades
  1877 | D:3      | Reached XP level 5. HP: 14/25 MP: 9/9
  1877 | D:3      | Reached XP level 6. HP: 17/29 MP: 10/10
  2507 | D:4      | Reached skill level 6 in Short Blades
  2547 | D:5      | Entered Level 5 of the Dungeon
  2732 | D:4      | Found Gacasumm's Serpentskin Sales.
  2732 | D:4      | Noticed a water moccasin
  2732 | D:4      | Noticed a water moccasin
  2741 | D:4      | Killed a water moccasin
  2741 | D:4      | Reached skill level 5 in Dodging
  2750 | D:4      | Killed a water moccasin
  2750 | D:4      | Reached XP level 7. HP: 32/32 MP: 11/11
  2792 | D:4      | Reached skill level 7 in Short Blades
  3758 | D:3      | Noticed Ijyb
  3877 | D:3      | Killed Ijyb
  3916 | D:3      | Reached skill level 1 in Throwing
  4160 | D:4      | Found a stormy altar of Qazlal.
  4163 | D:4      | Noticed a fire elemental
  4163 | D:4      | Noticed a water elemental
  4163 | D:4      | Noticed an air elemental
  4260 | D:4      | Reached skill level 8 in Short Blades
  4425 | D:4      | Reached skill level 5 in Stealth
  4425 | D:4      | Reached XP level 8. HP: 26/37 MP: 12/12
  5224 | D:4      | Bought a +0 cloak of poison resistance for 102 gold pieces
  5723 | D:5      | Reached skill level 9 in Short Blades
  6627 | D:6      | Found a glowing drain.
  6635 | Sewer    | Entered a sewer
  6848 | Sewer    | Found a glowing silver altar of Zin.
  7197 | D:6      | Noticed Edmund
  7439 | D:6      | Killed Edmund
  7439 | D:6      | Reached skill level 10 in Short Blades
  7522 | D:6      | Reached XP level 9. HP: 37/40 MP: 13/13
  8564 | D:7      | Splashed by an acid dragon's acid

Levels and vault maps discovered:
D:1:      wander_arrival_estate, layout_loops_ring
D:2:      layout_rooms
D:3:      layout_loops_ring, uniq_robin, uniq_ijyb, uniq_sigmund
D:4:      mumra_celtic_spiral_tile, layout_rooms,
          nicolae_qazlal_style_of_elements, first_ration, guppyfry_shop_venom
D:5:      layout_cave_pools, hex_tiny, minmay_misc_feat_pillars
D:6:      layout_loops_ring, portal_sewer_entry_e, kennysheep_generic_room_5,
          uniq_edmund
D:7:      layout_basic, minmay_temple_entry_nine_rooms

Skill      XL: |  1  2  3  4  5  6  7  8 |
---------------+-------------------------+-----
Short Blades   | 2 3 5 6 8 10 | 10.8
Stealth        | 2 3 4 5 6 |  6.0
Dodging        | 4 5 6 7 |  7.2
Throwing       | 2 4 |  4.5
Fighting       | |  0.7
Evocations     | |  4.0

Action                   |  1- 3 |  4- 6 |  7- 9 || total
-------------------------+-------+-------+-------++-------
Melee: Short sword       |   152 |   107 |   408 ||   667
       Unarmed           |       |       |    21 ||    21
Throw: Dart              |       |     1 |   104 ||   105
Evoke: Wand              |       |     1 |       ||     1
  Use: Scroll            |       |     7 |     5 ||    12
       Potion            |       |     1 |       ||     1
 Stab: Sleeping          |     5 |     3 |    15 ||    23
       Distracted        |     1 |     1 |     3 ||     5
       Paralysed         |       |     2 |       ||     2
  Eat: Ration            |       |       |     3 ||     3
Armor: Robe              |    11 |    12 |    12 ||    35
Dodge: Dodged            |   107 |    72 |   203 ||   382

Table legend:
 A = Non-vault XP
 B = Vault XP
 C = Vault XP percentage of total XP
 D = Non-vault monster count
 E = Vault monster count
 F = Vault count percentage of total count
                 A         B        C        D         E       F
            +---------+---------+-------+---------+---------+-------
      Total |    2490 |    1119 |  31.0 |     134 |      30 |  18.3
            +---------+---------+-------+---------+---------+-------
        D:1 |      39 |       0 |   0.0 |      19 |       0 |   0.0
        D:2 |      50 |       0 |   0.0 |      17 |       0 |   0.0
        D:3 |     304 |     283 |  48.2 |      31 |       8 |  20.5
        D:4 |     835 |     293 |  26.0 |      25 |       2 |   7.4
        D:5 |     478 |       0 |   0.0 |      17 |       0 |   0.0
        D:6 |     222 |     417 |  65.3 |      12 |      12 |  50.0
        D:7 |     562 |       0 |   0.0 |      13 |       0 |   0.0
      Sewer |       0 |     126 | 100.0 |       0 |       8 | 100.0
            +---------+---------+-------+---------+---------+-------
